 Dungeon Crawl Stone Soup version 0.27-a0-328-g7f782ed93a (webtiles) character file.

Game seed: 14736603210160152498

15 sanka the Sneak (level 2, 0/13 HPs)
             Began as a Spriggan Enchanter on Feb 11, 2021.
             Succumbed to a kobold's poison
             ... on level 1 of the Dungeon.
             The game lasted 00:00:58 (518 turns).

sanka the Sneak (Spriggan Enchanter)                 Turns: 518, Time: 00:00:59

Health: 0/13       AC:  2    Str:  3 (4)  XL:     2   Next: 34%
Magic:  2/6        EV: 17    Int: 13 (16) God:
Gold:   24         SH:  0    Dex: 12 (15) Spells: 3/6 levels left

rFire    . . .     SeeInvis +   a - +1 dagger
rCold    . . .     Faith    .   (shield restricted)
rNeg     . . .     Spirit   .   b - +0 robe
rPois    .         Reflect  .   (helmet restricted)
rElec    .         Harm     .   (no cloak)
rCorr    .         Rampage  .   (gloves unavailable)
Will     .....                  (boots unavailable)
Stlth    +++.......             (no amulet)
HPRegen  0.04/turn              (no ring)
MPRegen  0.10/turn              (no ring)

@: lethally poisoned (0 -> -26), very quick
A: very small, unfitting armour, see invisible, speed 3
a: no special abilities


You were on level 1 of the Dungeon.
You visited 1 branch of the dungeon, and saw 1 of its levels.

You collected 24 gold pieces.


Innate Abilities, Weirdness & Mutations

You are very small and have problems with some larger weapons.
You are too small for most types of armour.
You have supernaturally acute eyesight. (SInv)
You cover ground extremely quickly.


   Skills:
 - Level 1.1 Short Blades
 - Level 2.6 Dodging
 + Level 5.8 Stealth
 - Level 2.6 Spellcasting
 - Level 3.6 Hexes


You had 3 spell levels left.
You knew the following spells:

 Your Spells              Type           Power        Failure   Level
z - Ensorcelled Hibernat  Hex/Ice        12%          17%         2
Z - Corona                Hex            12%          5%          1

Your spell library contained the following spells:

 Spells                   Type           Power        Failure   Level
 Confusing Touch          Hex            11%          16%         3
 Tukima's Dance           Hex            11%          16%         3
 Dazzling Flash           Conj/Hex       12%          34%         3

Inventory:

Hand Weapons
 a - a +1 dagger (weapon)
 c - a +2 dagger of venom
Armour
 b - a +0 robe (worn)
Scrolls
 d - 2 scrolls of teleportation {unknown}
 e - 2 scrolls of identify {unknown}
 f - a scroll of enchant armour {unknown}

Dungeon Overview and Level Annotations

Branches:
Dungeon (1/15)

Altars:

▒.▒
.........▒.▒
▒.......▒▒.▒
...r.>...▒.▒
▒.......▒▒†▒
.........▒.▒
▒.......▒▒.▒
.....?...▒.▒
▒.▒.▒.▒i▒▒.▒
.........(.▒
▒▒▒▒▒▒▒▒▒▒.▒
▒▒▒


You could see a rat (wandering).


Message History

You are more poisoned.
It was a potion of degeneration.
There was something very wrong with that liquid.
You feel weakened.
You feel dopey.
You feel clumsy.
You feel sick.
The kobold hits you with a +2 dagger of venom.
You are more poisoned.
Unknown command.
Aiming: Ensorcelled Hibernation (safe; 17% risk of failure)
Aim: a kobold, wielding a +2 dagger of venom and quivering stones (chance to affect: 55%)
The kobold looks drowsy...
You feel sick.
The helpless kobold fails to defend itself.
You impale the kobold!!
You kill the kobold!
* * * LOW HITPOINT WARNING * * *
You feel sick.
Unknown command.
* * * LOW HITPOINT WARNING * * *
You feel sick.
Things that are here:
a +2 dagger of venom; 4 stones
c - a +2 dagger of venom
* * * LOW HITPOINT WARNING * * *
You feel sick.
* * * LOW HITPOINT WARNING * * *
You feel sick.
You die...

Action                   || total
-------------------------++-------
Melee: Dagger            ||    22
 Cast: Corona            ||     1
       Ensorcelled Hiber ||     8
  Use: Potion            ||     1
 Stab: Sleeping          ||     8
       Distracted        ||     1
Armor: Robe              ||     7
Dodge: Dodged            ||    19

Levels and vault maps discovered:
D:1:      amcnicky_arrival_underground_garden, layout_basic, st_stairs_4,
          minmay_misc_feat_room, serial_bayou_pond_d

Notes
Turn   | Place    | Note
-------+----------+-------------------------------------------
     0 | D:1      | sanka the Spriggan Enchanter began the quest for the Orb.
     0 | D:1      | Reached XP level 1. HP: 9/9 MP: 5/5
    56 | D:1      | Reached skill level 5 in Stealth
    93 | D:1      | Reached XP level 2. HP: 13/13 MP: 6/6
    96 | D:1      | Learned a level 2 spell: Ensorcelled Hibernation
   517 | D:1      | HP: 1/13 [poisoned by a kobold]
   518 | D:1      | Succumbed to a kobold's poison

Vanquished Creatures
  A dart slug (D:1)
  A bat (D:1)
  2 giant cockroaches (D:1)
  2 goblins (D:1)
  A hobgoblin (D:1)
  2 kobolds (D:1)
  3 rats (D:1)
12 creatures vanquished.
